[ AOE2 MATCH · #507825339 ]
UnrankedTatars vs Aztecs
Player's team · LOSS
Rival team · WIN
[ REPLAY ANALYSIS · EXTRACTED FROM THE RECORDED GAME ]
Feudal
8:52
Castle
—
Imperial
—
| APM avg | 66.1 |
| APM peak | 105 |
| eAPM avg | 19.9 |
| Villagers / military | 41 / 6 |
Focus
⚔️ 32.1% · 🌾 67.9%
Scout Cavalry ×6
Feudal
10:18
Castle
22:17
Imperial
—
| APM avg | 56.0 |
| APM peak | 95 |
| eAPM avg | 25.0 |
| Villagers / military | 55 / 29 |
Focus
⚔️ 40.8% · 🌾 59.2%
Archer ×19 · Militia ×5 · Spearman ×5
Match map
Initial resources + every placement click. Lines = walls · curves = elevation contours. ◆ gold · ⬟ stone · ● berries · ✦ relic · ◌ wall gap
Your base· Open — unwalled flank
Rododino's base· Open — unwalled flank
Smoothed initial terrain · ◌ = detected wall gap · hover for details
Inputs per minute
— ELEG | Huitzilopochtli - - Rododino
Build order — ELEG | Huitzilopochtli
98 actions detected in the replay
| 0:01 | Queue | Villager (Male) |
| 0:01 | Queue | Villager (Male) |
| 0:01 | Queue | Villager (Male) |
| 0:02 | Queue | Villager (Male) |
| 0:03 | Build | House |
| 0:05 | Build | House |
| 1:40 | Queue | Villager (Male) |
| 1:49 | Queue | Villager (Male) |
| 2:02 | Build | Lumber Camp |
| 2:22 | Queue | Villager (Male) |
| 2:22 | Queue | Villager (Male) |
| 2:40 | Queue | Villager (Male) |
| 2:59 | Queue | Villager (Male) |
| 3:02 | Build | House |
| 3:37 | Queue | Villager (Male) |
| 3:51 | Queue | Villager (Male) |
| 4:20 | Queue | Villager (Male) |
| 4:20 | Queue | Villager (Male) |
| 4:30 | Queue | Villager (Male) |
| 4:48 | Queue | Villager (Male) |
| 5:22 | Queue | Villager (Male) |
| 5:23 | Research | Loom |
| 5:35 | Build | Mill |
| 6:42 | Research | Feudal Age |
| 7:30 | Build | Barracks |
| 7:34 | Build | House |
| 8:30 | Queue | Villager (Male) |
| 8:52 | Age | Feudal Age |
| 8:55 | Build | Stable |
| 8:57 | Research | Double-Bit Axe |
| 9:01 | Research | Horse Collar |
| 9:13 | Queue | Villager (Male) |
| 9:51 | Queue | Villager (Male) |
| 9:52 | Queue | Scout Cavalry |
| 9:52 | Queue | Scout Cavalry |
| 10:05 | Build | Palisade Wall |
| 10:13 | Queue | Villager (Male) |
| 10:25 | Build | House |
| 10:40 | Build | House |
| 10:42 | Build | Palisade Wall |
| 10:51 | Queue | Villager (Male) |
| 11:13 | Build | Farm |
| 11:14 | Build | Farm |
| 11:29 | Queue | Scout Cavalry |
| 12:06 | Queue | Scout Cavalry |
| 12:07 | Queue | Villager (Male) |
| 12:07 | Queue | Villager (Male) |
| 12:11 | Build | Farm |
| 12:11 | Build | Farm |
| 12:12 | Build | Farm |
| 12:32 | Queue | Scout Cavalry |
| 12:40 | Queue | Villager (Male) |
| 12:53 | Build | Farm |
| 12:55 | Build | Farm |
| 13:09 | Queue | Villager (Male) |
| 13:09 | Queue | Villager (Male) |
| 13:11 | Build | Farm |
| 13:13 | Build | Farm |
| 13:25 | Queue | Scout Cavalry |
| 13:33 | Queue | Villager (Male) |
| 13:37 | Build | Palisade Wall |
| 14:03 | Queue | Villager (Male) |
| 14:03 | Queue | Villager (Male) |
| 14:06 | Build | Farm |
| 14:28 | Queue | Villager (Male) |
| 14:32 | Build | Farm |
| 14:48 | Queue | Villager (Male) |
| 15:07 | Queue | Villager (Male) |
| 15:20 | Build | Farm |
| 15:41 | Queue | Villager (Male) |
| 15:44 | Build | Farm |
| 15:51 | Queue | Villager (Male) |
| 16:06 | Queue | Villager (Male) |
| 16:09 | Build | Mining Camp |
| 16:14 | Queue | Villager (Male) |
| 16:30 | Build | Archery Range |
| 17:03 | Queue | Villager (Male) |
| 17:24 | Queue | Villager (Male) |
| 17:27 | Build | House |
| 17:28 | Build | House |
| 17:35 | Queue | Villager (Male) |
| 17:40 | Build | Palisade Wall |
| 17:53 | Build | House |
| 17:54 | Build | House |
| 18:26 | Queue | Villager (Male) |
| 18:36 | Build | Market |
| 18:53 | Build | Market |
| 19:34 | Research | Castle Age |
| 19:46 | Build | Archery Range |
| 19:49 | Build | Blacksmith |
| 19:53 | Build | Palisade Wall |
| 20:04 | Build | Palisade Wall |
| 20:32 | Research | Bloodlines |
| 20:44 | Build | House |
| 21:08 | Research | Fletching |
| 21:22 | Build | House |
| 21:37 | Research | Padded Archer Armor |
| 21:54 | Build | Farm |
Build order — Rododino
149 actions detected in the replay
| 0:01 | Queue | Villager (Male) |
| 0:01 | Queue | Villager (Male) |
| 0:02 | Build | House |
| 0:03 | Build | House |
| 0:06 | Queue | Villager (Male) |
| 0:09 | Queue | Villager (Male) |
| 1:16 | Queue | Villager (Male) |
| 1:16 | Queue | Villager (Male) |
| 2:01 | Queue | Villager (Male) |
| 2:01 | Queue | Villager (Male) |
| 2:19 | Build | Lumber Camp |
| 2:53 | Queue | Villager (Male) |
| 2:58 | Queue | Villager (Male) |
| 2:58 | Queue | Villager (Male) |
| 3:30 | Build | House |
| 3:48 | Queue | Villager (Male) |
| 3:48 | Queue | Villager (Male) |
| 3:58 | Queue | Villager (Male) |
| 3:58 | Queue | Villager (Male) |
| 4:29 | Queue | Villager (Male) |
| 4:34 | Queue | Villager (Male) |
| 4:34 | Queue | Villager (Male) |
| 5:01 | Build | Barracks |
| 5:15 | Queue | Villager (Male) |
| 5:15 | Queue | Villager (Male) |
| 5:23 | Queue | Villager (Male) |
| 5:23 | Queue | Villager (Male) |
| 5:31 | Build | House |
| 5:43 | Queue | Villager (Male) |
| 5:43 | Queue | Villager (Male) |
| 6:03 | Queue | Militia |
| 6:03 | Queue | Militia |
| 6:07 | Queue | Villager (Male) |
| 6:34 | Queue | Militia |
| 6:48 | Build | House |
| 6:53 | Build | Palisade Gate |
| 6:57 | Build | Palisade Wall |
| 7:25 | Queue | Villager (Male) |
| 7:29 | Research | Loom |
| 7:40 | Build | Mill |
| 8:08 | Research | Feudal Age |
| 8:08 | Research | Feudal Age |
| 8:27 | Queue | Militia |
| 8:49 | Build | House |
| 8:56 | Queue | Militia |
| 9:11 | Build | Palisade Wall |
| 9:13 | Build | Palisade Wall |
| 9:19 | Queue | Villager (Male) |
| 10:02 | Queue | Villager (Male) |
| 10:13 | Queue | Villager (Male) |
| 10:16 | Build | Farm |
| 10:16 | Build | Farm |
| 10:16 | Build | Farm |
| 10:16 | Build | Farm |
| 10:17 | Build | Farm |
| 10:18 | Age | Feudal Age |
| 10:22 | Research | Man-at-Arms (upgrade) |
| 10:32 | Build | Farm |
| 10:38 | Build | Farm |
| 10:53 | Queue | Villager (Male) |
| 11:18 | Build | Farm |
| 11:38 | Build | Archery Range |
| 11:39 | Queue | Villager (Male) |
| 11:41 | Queue | Villager (Male) |
| 11:56 | Build | Farm |
| 12:00 | Queue | Villager (Male) |
| 12:12 | Queue | Villager (Male) |
| 12:21 | Build | Mining Camp |
| 12:31 | Queue | Spearman |
| 12:40 | Queue | Villager (Male) |
| 12:47 | Build | Farm |
| 13:00 | Queue | Villager (Male) |
| 13:02 | Queue | Villager (Male) |
| 13:03 | Queue | Archer |
| 13:03 | Queue | Archer |
| 13:12 | Queue | Archer |
| 13:18 | Queue | Spearman |
| 13:39 | Build | House |
| 13:40 | Queue | Villager (Male) |
| 13:47 | Queue | Archer |
| 13:47 | Queue | Villager (Male) |
| 13:50 | Build | Farm |
| 13:56 | Research | Double-Bit Axe |
| 13:57 | Research | Double-Bit Axe |
| 14:06 | Build | House |
| 14:09 | Queue | Spearman |
| 14:11 | Queue | Villager (Male) |
| 14:22 | Queue | Archer |
| 14:28 | Build | Farm |
| 14:28 | Queue | Villager (Male) |
| 14:39 | Build | House |
| 14:39 | Queue | Villager (Male) |
| 14:50 | Build | House |
| 14:57 | Build | House |
| 15:01 | Queue | Villager (Male) |
| 15:06 | Queue | Spearman |
| 15:10 | Build | Farm |
| 15:29 | Queue | Villager (Male) |
| 15:40 | Build | Lumber Camp |
| 15:43 | Queue | Villager (Male) |
| 15:45 | Queue | Villager (Male) |
| 16:01 | Build | House |
| 16:04 | Build | Palisade Gate |
| 16:04 | Queue | Villager (Male) |
| 16:10 | Queue | Spearman |
| 16:12 | Build | Farm |
| 16:14 | Build | Farm |
| 16:15 | Queue | Archer |
| 16:15 | Queue | Archer |
| 16:16 | Queue | Archer |
| 16:17 | Queue | Villager (Male) |
| 16:34 | Queue | Villager (Male) |
| 16:43 | Build | Palisade Wall |
| 16:46 | Build | Palisade Wall |
| 16:48 | Research | Horse Collar |
| 16:50 | Queue | Villager (Male) |
| 17:13 | Build | Farm |
| 17:19 | Build | Market |
| 17:22 | Queue | Villager (Male) |
| 17:29 | Build | Palisade Gate |
| 17:34 | Build | House |
| 17:37 | Build | House |
| 17:39 | Queue | Villager (Male) |
| 17:42 | Queue | Villager (Male) |
| 18:04 | Build | Farm |
| 18:06 | Build | Farm |
| 18:22 | Build | Farm |
| 18:25 | Build | Farm |
| 18:40 | Build | Farm |
| 19:22 | Build | Blacksmith |
| 19:27 | Research | Castle Age |
| 20:01 | Queue | Archer |
| 20:01 | Queue | Archer |
| 20:02 | Queue | Archer |
| 20:07 | Research | Fletching |
| 20:29 | Build | Archery Range |
| 20:34 | Queue | Archer |
| 20:36 | Queue | Archer |
| 20:49 | Build | House |
| 20:51 | Queue | Archer |
| 20:54 | Queue | Villager (Male) |
| 21:07 | Build | Archery Range |
| 21:24 | Queue | Villager (Male) |
| 21:24 | Queue | Archer |
| 21:32 | Queue | Archer |
| 21:33 | Queue | Archer |
| 21:52 | Queue | Archer |
| 22:17 | Age | Castle Age |
| 22:18 | Queue | Archer |
Match timeline
| 5:01 | Rododino · first_building Barracks |
| 6:57 | Rododino · wall_segment Palisade Wall x4 |
| 7:30 | ELEG | Huitzilopochtli · first_building Barracks |
| 8:52 | ELEG | Huitzilopochtli · age_up feudal |
| 8:55 | ELEG | Huitzilopochtli · first_building Stable |
| 9:11 | Rododino · wall_segment Palisade Wall x2 |
| 9:13 | Rododino · wall_segment Palisade Wall x13 |
| 10:05 | ELEG | Huitzilopochtli · wall_segment Palisade Wall x1 |
| 10:18 | Rododino · age_up feudal |
| 10:42 | ELEG | Huitzilopochtli · wall_segment Palisade Wall x1 |
| 11:38 | Rododino · first_building Archery Range |
| 13:37 | ELEG | Huitzilopochtli · wall_segment Palisade Wall x1 |
| 16:30 | ELEG | Huitzilopochtli · first_building Archery Range |
| 16:43 | Rododino · wall_segment Palisade Wall x1 |
| 16:46 | Rododino · wall_segment Palisade Wall x1 |
| 17:40 | ELEG | Huitzilopochtli · wall_segment Palisade Wall x8 |
| 19:14 | Rododino · first_market_buy 100 food |
| 19:53 | ELEG | Huitzilopochtli · wall_segment Palisade Wall x2 |
| 20:04 | ELEG | Huitzilopochtli · wall_segment Palisade Wall x4 |
| 20:25 | Rododino · first_market_sell 100 food |
| 20:28 | ELEG | Huitzilopochtli · first_market_sell 100 food |
| 22:17 | Rododino · age_up castle |
| 22:21 | ELEG | Huitzilopochtli · resign |
[ AI ANALYSIS · 1 CREDIT ]
What really happened in this match?
Wolo.gg analyzes every decision: build order, eco, micro, common mistakes by bracket. Personalized analysis on WhatsApp or Discord in 30 seconds.
Civ guide
Tatars
Perfil
Jugador #25672265